 Dungeon Crawl Stone Soup version 0.24-a0-230-g536ed4e (webtiles) character file.

Game seed: 9897596879745889649

200 geeko55 the Magician (level 5, -5/35 HPs)
             Began as a Demonspawn Fire Elementalist on Apr 1, 2019.
             Was a Believer of Fedhas.
             Slain by Pikel
             ... wielding a +2 whip of freezing
              (6 damage)
             ... on level 3 of the Dungeon on Apr 2, 2019.
             The game lasted 00:14:38 (2476 turns).

geeko55 the Magician (Demonspawn Fire Elementalist) Turns: 2476, Time: 00:14:39

Health: -5/35      AC:  3    Str:  9    XL:     5   Next: 48%
Magic:  0/12       EV: 12    Int: 17    God:    Fedhas [**....]
Gold:   79         SH:  0    Dex: 13    Spells: 4/14 levels left

rFire    . . .     SeeInvis .   h - +0 dagger
rCold    . . .     Gourm    .   (no shield)
rNeg     . . .     Faith    .   a - +0 robe
rPois    .         Spirit   +   (no helmet)
rElec    .         Reflect  .   b - +0 cloak
rCorr    .         Harm     .   (no gloves)
MR       .....                  (no boots)
Stlth    ++........             d - amulet of guardian spirit
HPRegen  0.11/turn              (no ring)
MPRegen  0.13/turn              (no ring)

@: no status effects
A: hooves 1
a: Fungal Bloom, Sunlight, Evolution, Renounce Religion


You were on level 3 of the Dungeon.
You worshipped Fedhas.
Fedhas was pleased with you.
You were not hungry.

You visited 1 branch of the dungeon, and saw 4 of its levels.

You collected 79 gold pieces.

Inventory:

Hand Weapons
 h - a +0 dagger (weapon)
Armour
 a - a +0 robe (worn)
 b - a +0 cloak (worn)
Jewellery
 d - an amulet of guardian spirit (around neck)
Scrolls
 q - a scroll of enchant weapon {unknown}
Potions
 e - a potion of mutation {unknown}
 i - 3 potions of curing {unknown}
 k - 2 potions of cancellation {unknown}
 l - a potion of might {unknown}
Comestibles
 c - 6 rations


   Skills:
 - Level 1.7 Dodging
 - Level 1.7 Stealth
 * Level 5.4 Spellcasting
 - Level 1.0 Conjurations
 - Level 2.6 Fire Magic


You had 4 spell levels left.
You knew the following spells:

 Your Spells              Type           Power        Failure   Level  Hunger
a - Flame Tongue          Conj/Fire      ##...        6%          1    None
b - Throw Flame           Conj/Fire      ##....       10%         2    #......
c - Conjure Flame         Conj/Fire      ##......     19%         3    ##.....
d - Sticky Flame          Conj/Fire      ##......     54%         4    ####...

Your spell library contained the following spells:

 Spells                   Type           Power        Failure   Level  Hunger
 Inner Flame              Hex/Fire       #.......     24%         3    ##.....
 Fireball                 Conj/Fire      ##........   87%         5    ######.


Dungeon Overview and Level Annotations

Branches:
Dungeon (4/15)
 Temple: D:4-7

Altars:
Fedhas
Kikubaaqudgha
Xom

Annotations:
D:3 Pikel


Innate Abilities, Weirdness & Mutations

You have large cloven feet.


Message History

The slave hits you! Pikel barely misses you.
You hit Pikel. You kick Pikel, but do no damage.
Pikel is moderately wounded.
The slave closely misses you.
Pikel hits you with a +2 whip of freezing.
* * * LOW HITPOINT WARNING * * *
Pikel freezes you.
* * * LOW HITPOINT WARNING * * *
Casting: Flame Tongue (safe; 6% risk of failure)
Confirm with . or Enter, or press ? or * to list all spells.
Aiming: Flame Tongue (safe; 6% risk of failure)
Press: ? - help, Shift-Dir - straight line, f/p - Pikel
Aim: Pikel, wielding a +2 whip of freezing and wearing a +0 robe (grey smoke, moderately wounded)
The flame tongue hits Pikel but does no damage.
Pikel is moderately wounded.
The slave hits you!
* * * LOW HITPOINT WARNING * * *
Pikel hits you with a +2 whip of freezing.
You die...
Fedhas appreciates your contribution to the ecosystem.

#....# ##...###.≈≈# ##.###
#.#.≈≈....≈≈ ############.#
##.≈≈.#≈≈≈.# ...........#.#
#.≈≈.##≈.>## ##########.#.#
#.##.##≈..## #.#.#
#....##..... #.#.#
####.##...## #.#.########
#.####.## #####.#..§K@p§.#
#.# #.##
#.....########.#####.####..[
#.##### ##.##........[.....
#.# #...#######.####### #.#
##..# #.# # #.# #..# #.# #
#.# #..# #.# # #.# #..# #.#
#
#.#########..#######.#######


You could see Pikel and a slave.

Vanquished Creatures
  A vampire bat (D:2)
  An orc priest (D:3)
  An orc wizard (D:3)
  A bullfrog skeleton (D:3)
  An adder (D:3)
  An ooze (D:1)
  A worm (D:2)
  A dart slug (D:1)
  2 orcs (D:3)
  A ball python (D:3)
  6 bats
  A bat skeleton (D:2)
  6 bat zombies (D:2)
  3 giant cockroaches
  5 goblins
  3 hobgoblins
  3 jackals (D:3)
  6 kobolds
  6 frilled lizards
  3 rats
53 creatures vanquished.

Vanquished Creatures (others)
  21 toadstools
21 creatures vanquished.

Grand Total: 74 creatures vanquished

Notes
Turn   | Place    | Note
-------+----------+-------------------------------------------
     0 | D:1      | geeko55 the Demonspawn Fire Elementalist began the quest
                  | for the Orb.
     0 | D:1      | Reached XP level 1. HP: 13/13 MP: 3/3
   234 | D:1      | Gained mutation: You have large cloven feet. [demonic
                  | ancestry]
   234 | D:1      | Reached XP level 2. HP: 19/19 MP: 3/5
   347 | D:1      | Reached skill level 3 in Spellcasting
   393 | D:1      | Learned a level 2 spell: Throw Flame
   665 | D:2      | Found a faded altar of an unknown god.
   672 | D:2      | Became a worshipper of Fedhas Madash
   672 | D:2      | Reached * piety under Fedhas
   812 | D:2      | Upgraded the game from 0.24-a0-228-g05560da to
                  | 0.24-a0-230-g536ed4e
   830 | D:2      | Found a shimmering altar of Xom.
   844 | D:2      | Reached XP level 3. HP: 24/24 MP: 3/7
  1115 | D:2      | Found an ancient bone altar of Kikubaaqudgha.
  1147 | D:2      | Reached skill level 4 in Spellcasting
  1147 | D:2      | Reached XP level 4. HP: 29/30 MP: 3/10
  1455 | D:3      | Learned a level 2 spell: Throw Flame
  1459 | D:3      | Learned a level 3 spell: Conjure Flame
  1464 | D:3      | Learned a level 4 spell: Sticky Flame
  1860 | D:3      | Reached XP level 5. HP: 35/35 MP: 2/12
  1911 | D:3      | Reached skill level 5 in Spellcasting
  2060 | D:3      | Reached ** piety under Fedhas
  2461 | D:4      | Noticed Pikel
  2461 | D:4      | Noticed a slave
  2461 | D:4      | Noticed a slave
  2461 | D:4      | Noticed a slave
  2461 | D:4      | Noticed a slave
  2476 | D:3      | HP: 1/35 [slave[Pikel] (7)]
  2476 | D:3      | Slain by Pikel

Levels and vault maps discovered:
D:1:      dpeg_arrival_court, layout_basic
D:2:      wad_pebble_path, layout_basic, xom_teletrap_fun,
          kennysheep_vampire_church, chequers_ecumenical_altar_simple
D:3:      layout_loops_ring, serial_rivers, chequers_serial_rivers_micro_b,
          chequers_serial_rivers_room_b, chequers_serial_rivers_micro_b,
          chequers_serial_rivers_room_a, chequers_serial_rivers_small_b
D:4:      layout_rooms, nicolae_ru_the_path_less_chosen,
          overflow_temple_1_default, minmay_temple_entry_fiery, uniq_grinder,
          uniq_edmund, uniq_duvessa, uniq_pikel

Skill      XL: |  1  2  3  4  5 |
---------------+----------------+-----
Spellcasting   | 3 4 5 |  5.4
Dodging        | |  1.7
Stealth        | |  1.7
Conjurations   | |  1.0
Fire Magic     | |  2.6

Action                   |  1- 3 |  4- 6 || total
-------------------------+-------+-------++-------
Melee: Dagger            |    53 |    42 ||    95
       Kick              |    10 |     9 ||    19
 Cast: Flame Tongue      |    36 |    26 ||    62
       Throw Flame       |     7 |    15 ||    22
Invok: Fungal Bloom      |     5 |     6 ||    11
       Sunlight          |       |     1 ||     1
  Use: Scroll            |       |     7 ||     7
       Potion            |       |     3 ||     3
  Eat: Ration            |     1 |     1 ||     2
Armor: Robe              |    23 |    19 ||    42
Dodge: Dodged            |    64 |    43 ||   107

Table legend:
 A = Non-vault XP
 B = Vault XP
 C = Vault XP percentage of total XP
 D = Non-vault monster count
 E = Vault monster count
 F = Vault count percentage of total count
                 A         B        C        D         E       F
            +---------+---------+-------+---------+---------+-------
      Total |     215 |      71 |  24.8 |      45 |       8 |  15.1
            +---------+---------+-------+---------+---------+-------
        D:1 |      31 |       0 |   0.0 |      15 |       0 |   0.0
        D:2 |      21 |      71 |  77.2 |      10 |       8 |  44.4
        D:3 |     163 |       0 |   0.0 |      20 |       0 |   0.0
            +---------+---------+-------+---------+---------+-------
